 Dungeon Crawl Stone Soup version 0.28-a0-1616-g050a50673c (webtiles) character file.

Game seed: 3191557191694203754

186 a3don the Digger (level 5, -5/28 HPs)
             Began as a Gargoyle Earth Elementalist on Jan 22, 2022.
             Blown up by Ijyb (16 damage)
             ... with a mindburst bolt
             ... on level 3 of the Dungeon.
             The game lasted 00:04:19 (2900 turns).

a3don the Digger (Gargoyle Earth Elementalist)      Turns: 2900, Time: 00:04:21

Health: -5/28      AC:  7    Str: 12    XL:     5   Next: 65%
Magic:  9/9        EV: 12    Int: 24    God:
Gold:   52         SH:  0    Dex: 10    Spells: 8/9 levels left

rFire   . . .      SeeInvis .   l - +8 mace of Chagrin {vorpal, Contam Int+7}
rCold   . . .      Faith    .   (no shield)
rNeg    + . .      Spirit   .   b - +0 robe
rPois   ∞          Reflect  .   (no helmet)
rElec   +          Harm     .   v - +0 cloak
rCorr   .          Rampage  .   (no gloves)
Will    .....                   (no boots)
Stlth   ++........              (no amulet)
HPRegen 0.09/turn               (no ring)
MPRegen 0.11/turn               (no ring)

@: no status effects
A: sickness immunity, AC +4, negative energy resistance 1, electricity
resistance, torment resistance 1, petrification resistance
a: no special abilities


You were on level 3 of the Dungeon.
You visited 1 branch of the dungeon, and saw 3 of its levels.

You collected 52 gold pieces.

Inventory:

Hand Weapons
 f - a +0 whip
 l - the +8 mace of Chagrin (weapon) {vorpal, Contam Int+7}
   (You found it on level 2 of the Dungeon)

   It inflicts extra damage upon your enemies.
   Int:       It affects your intelligence (+7).
   Contam:    It causes magical contamination when unequipped.
 m - a +1 dagger of venom
 s - a +0 hunting sling
 u - a +3 quarterstaff of chaos
Missiles
 c - 60 stones
 p - 8 poisoned darts (quivered)
 r - a throwing net
Armour
 b - a +0 robe (worn)
 g - a +0 buckler
 o - a +3 chain mail of willpower
 v - a +0 cloak (worn)
Magical Staves
 h - a staff of cold
Scrolls
 a - a scroll of silence {unknown}
 e - a scroll of acquirement {unknown}
 k - a scroll of brand weapon {unknown}
 n - a scroll of identify {unknown}
 t - a scroll of enchant armour {unknown}
 w - a scroll of fear {unknown}
Potions
 d - a potion of flight {unknown}
 i - a potion of cancellation {unknown}
 j - a potion of curing {unknown}
 q - 2 potions of attraction {unknown}


   Skills:
 + Level 1.4 Maces & Flails
 - Level 0.3(1.0) Staves
 + Level 2.2 Dodging
 + Level 3.4 Stealth
 + Level 0.0 Shields
 + Level 2.8 Spellcasting
 + Level 1.6 Transmutations
 + Level 1.3 Ice Magic
 + Level 4.2 Earth Magic


You had 8 spell levels left.
You knew the following spells:

 Your Spells              Type           Power      Damage    Failure   Level
a - Sandblast             Erth           48%        2d12      1%          1

Your spell library contained the following spells:

 Spells                   Type           Power      Damage    Failure   Level
 Passwall                 Tmut/Erth      14%        N/A       4%          2
 Stone Arrow              Conj/Erth      26%        3d8       14%         3
 Petrify                  Tmut/Erth      17%        N/A       32%         4


Dungeon Overview and Level Annotations

Branches:
Dungeon (3/15)

Altars:

Annotations:
D:3 Ijyb


Innate Abilities, Weirdness & Mutations

You are immune to sickness and miasma.
Your stone body is resilient. (AC +4)
You are immune to poison.
You resist negative energy. (rN+)
You are resistant to electric shocks. (rElec)
You are resistant to unholy torment.
You are immune to petrification.


Message History

No target in view!
A goblin comes into view. It is wielding a +0 dagger.
A goblin is nearby!
A goblin is nearby!
You hit the goblin.
You kill the goblin!
No target in view!
No target in view!
No target in view!
HP restored.
w - a scroll labelled SAHAASETHRI
Things that are here:
a +0 dagger; a goblin corpse No target in view!
No target in view!
No target in view!
Found an escape hatch in the floor.
No target in view!
No target in view!
No target in view!
There is an escape hatch in the floor here.
A goblin comes into view. It is wielding a +0 dagger.
A goblin is nearby!
The goblin shouts!
A goblin is nearby!
You sock the goblin!
You kill the goblin!
No target in view!
No target in view!
You now have 52 gold pieces (gained 10).
Ijyb the Twisted Goblin comes into view.
She is wielding a +0 club and carrying a wand of mindburst (6).
Ijyb is nearby!
The helpless Ijyb fails to defend herself.
You hit Ijyb.
Ijyb is lightly wounded.
Ijyb zaps a wand.
Your mind is blasted!
Ouch! That really hurt!
Ijyb zaps a wand.
Your mind is blasted!
Ouch! That really hurt!
You die...

#.# #.# #.# #.#
### #.# #.# ..#
#.# #.# #.# #.#
#.# #.# ###.####
#)# #.# ....)..#
#.# #.# <##.##.#
#.# #g#
.##.##.###.#####@#
.##...>..........#
.#####.##...######
.# #.##...# ..
..##...# ##
#####...# #...#
#...# #...#


You could see Ijyb.

Vanquished Creatures
  Crazy Yiuf (D:2)
  Terence (D:2)
  3 adders (D:2)
  4 gnolls (D:2)
  A worm (D:2)
  5 endoplasms
  3 giant cockroaches (D:1)
  4 goblins
  4 hobgoblins
  8 jackals
  6 quokkas
  4 ball pythons
  5 bats
  6 frilled lizards
  5 kobolds
  4 rats
64 creatures vanquished.

Notes
Turn   | Place    | Note
-------+----------+-------------------------------------------
     0 | D:1      | a3don the Gargoyle Earth Elementalist began the quest for
                  | the Orb.
     0 | D:1      | Reached XP level 1. HP: 10/10 MP: 3/3
   412 | D:1      | Found a faded altar of an unknown god.
   430 | D:1      | Reached skill level 1 in Transmutations
   430 | D:1      | Reached XP level 2. HP: 11/15 MP: 5/5
  1042 | D:1      | Reached XP level 3. HP: 10/19 MP: 3/6
  1665 | D:2      | Identified the +8 mace of Chagrin {vorpal, Contam Int+7}
  1761 | D:2      | Noticed Terence
  1772 | D:2      | Killed Terence
  1773 | D:2      | Reached skill level 4 in Earth Magic
  1773 | D:2      | Reached XP level 4. HP: 4/24 MP: 0/7
  2354 | D:2      | Reached skill level 1 in Maces & Flails
  2354 | D:2      | Reached skill level 1 in Ice Magic
  2357 | D:2      | Reached XP level 5. HP: 20/28 MP: 5/8
  2539 | D:2      | Found a runed translucent door.
  2540 | D:2      | Noticed Crazy Yiuf
  2793 | D:2      | Killed Crazy Yiuf
  2898 | D:3      | Noticed Ijyb
  2900 | D:3      | Blown up by Ijyb

Illustrated notes

Levels and vault maps discovered:
D:1:      heliophobic_arrival_henge, layout_basic, basic_ecumenical_altar,
          minmay_quantized
D:2:      layout_loops_ring, uniq_crazy_yiuf_cottage, uniq_terence
D:3:      layout_loops_ring, nicolae_elyvilon_temple_path, uniq_ijyb

Skill      XL: |  1  2  3  4 |
---------------+-------------+-----
Transmutations | 1 |  1.6
Earth Magic    | 4 |  4.2
Stealth        | 3 |  3.4
Dodging        | 2 |  2.2
Maces & Flails | 1 |  1.4
Ice Magic      | 1 |  1.3
Staves         | |  0.3
Spellcasting   | |  2.8

Action                   |  1- 3 |  4- 6 || total
-------------------------+-------+-------++-------
Melee: Unarmed           |    50 |       ||    50
       Staff             |    22 |       ||    22
       Punch             |     1 |       ||     1
       Mace              |     8 |    55 ||    63
 Cast: Sandblast         |    30 |     5 ||    35
 Stab: Sleeping          |     1 |     4 ||     5
Armor: Robe              |    38 |    26 ||    64
Dodge: Dodged            |    60 |    46 ||   106

Table legend: (Time is in decaauts)
 A = Elapsed time spent in this place.
 B = Non-inter-level travel time spent in this place.
 C = Inter-level travel time spent in this place.
 D = Time resting spent in this place.
 E = Time spent auto-exploring this place.
 F = Levels seen in this place.
 G = Mean time per level.
                   A        B        C        D        E       F      G
               +--------+--------+--------+--------+--------+-----+--------+
         Total |   2925 |   2879 |     46 |    772 |   1650 |   3 |  975.0 |
       Dungeon |   2925 |   2879 |     46 |    772 |   1650 |   3 |  975.0 |
               +--------+--------+--------+--------+--------+-----+--------+

Top non-repeatable levels by time:
     D:1: 1566 daAuts
     D:2: 1319 daAuts
     D:3: 39 daAuts
